[Event "Kazakhstan Cup Open 2020"]
[Site "Almaty"]
[Date "2020.12.12"]
[Round "2.1"]
[White "Ibrayev, Nurlan"]
[Black "Akhmetov, Ayan"]
[Result "0-1"]
[ECO "A41"]
[WhiteElo "2395"]
[BlackElo "2438"]
[Annotator "RC"]
[PlyCount "142"]
[EventDate "2020.12.01"]
[EventType "tourn"]
[EventCountry "KAZ"]
[SourceTitle "playchess.com"]
[Source "ChessBase"]
[SourceQuality "1"]
[TimeControl "40/5400+30:1800+30"]

1. d4 d6 2. e4 Nf6 3. Nd2 e5 4. c3 c6 5. Ngf3 Qc7 6. Bd3 Bg4 7. h3 Bxf3 8. Nxf3 Nbd7 9. O-O Be7 10. Re1 O-O 11. b3 Rfe8 12. Bb2 Bf8 13. Qc2 a5 14. a3 g6 15. Bf1 d5 16. exd5 cxd5 17. Nxe5 Nxe5 18. dxe5 Ne4 19. Bd3 Nxf2 20. Kxf2 Bc5+ 21. Kf3 Rxe5 22. c4 d4 23. Be4 Qe7 24. g3 Re8 25. b4 axb4 26. axb4 d3 27. Qxd3 Qf6+ 28. Kg2 Qf2+ 29. Kh1 Qxb2 30. bxc5 Rxe4 31. Rxe4 Qxa1+ 32. Kg2 Qb2+ 33. Kf3 Qf6+ 34. Rf4 Qe5 35. h4 Qxc5 36. Qd7 Re3+ 37. Kg2 Re2+ 38. Kh3 Re7 39. Qd8+ Kg7 40. Qd4+ Qxd4 41. Rxd4 Rc7 42. g4 Kf6 43. Re4 h6 44. Kg3 Rc6 45. Kf3 Rc5 46. Rd4 Ke6 47. Ke3 f6 48. Kd3 h5 49. Ke3 Ra5 50. gxh5 Rxh5 51. Rg4 Re5+ 52. Kf3 Kf7 53. Rd4 Re7 54. Rd6 Kg7 55. Rb6 Rc7 56. Kg3 Rf7 57. c5 Rc7 58. Kg4 Rxc5 59. Rxb7+ Kh6 60. Rb8 f5+ 61. Kg3 Rc3+ 62. Kg2 Kh5 63. Rh8+ Kg4 64. Rh6 Rc6 65. Kf2 f4 66. Kf1 Kg3 67. h5 Rc1+ 68. Ke2 g5 69. Rf6 g4 70. h6 f3+ 71. Kd2 Rc7 0-1

[Event "Kazakhstan Cup Open 2020"]
[Site "Almaty"]
[Date "2020.12.12"]
[Round "2.3"]
[White "Zhalmakhanov, Ramazan"]
[Black "Agmanov, Zhandos"]
[Result "1-0"]
[ECO "B13"]
[WhiteElo "2393"]
[BlackElo "2407"]
[Annotator "RC"]
[PlyCount "141"]
[EventDate "2020.12.01"]
[EventType "tourn"]
[EventCountry "KAZ"]
[SourceTitle "playchess.com"]
[Source "ChessBase"]
[SourceQuality "1"]
[TimeControl "40/5400+30:1800+30"]

1. e4 c6 2. d4 d5 3. exd5 cxd5 4. Bd3 Nf6 5. c3 Bg4 6. Qb3 Qc7 7. h3 Bd7 8. Ne2 Nc6 9. Bf4 e5 10. dxe5 Nxe5 11. Bb5 Bd6 12. Bxd7+ Qxd7 13. O-O O-O 14. Bxe5 Bxe5 15. Nd2 Rfe8 16. Nf3 Bc7 17. Ned4 Nh5 18. Qb5 Qxb5 19. Nxb5 Bb6 20. Nbd4 Nf4 21. Rfd1 Re4 22. Rd2 Rae8 23. Kf1 g6 24. Rad1 h6 25. h4 Bxd4 26. Nxd4 Ne6 27. g3 Nc7 28. Nc2 Ra4 29. a3 Ra6 30. Rd4 Rb6 31. Rb4 Rxb4 32. axb4 Kf8 33. Ne3 Rd8 34. Ke2 Ke7 35. h5 gxh5 36. Rh1 Kf6 37. Rxh5 Kg6 38. Rh4 Ne6 39. Kd3 f5 40. Ng2 Kg5 41. Ne1 h5 42. Nf3+ Kg6 43. Nd4 Re8 44. Ne2 Kg5 45. Rh1 a6 46. Rh4 Re7 47. Ng1 Kg6 48. Nf3 Ng5 49. Nd4 Re1 50. f3 Rb1 51. b3 Re1 52. Rf4 Re5 53. Kd2 Nh3 54. Rh4 Ng5 55. Rh1 Re7 56. Rh2 Rh7 57. Ke3 Re7+ 58. Kd2 Rh7 59. Ke3 Re7+ 60. Kf4 Re1 61. Re2 Nh3+ 62. Ke5 Rb1 63. Nxf5 Rxb3 64. Ne7+ Kg5 65. Nxd5 Rb1 66. Rh2 Re1+ 67. Kd6 Ng1 68. f4+ Kg6 69. f5+ Kxf5 70. Rxh5+ Kg6 71. Rh1 1-0

[Event "Kazakhstan Cup Open 2020"]
[Site "Almaty"]
[Date "2020.12.13"]
[Round "3.2"]
[White "Utegaliyev, Azamat"]
[Black "Kostenko, Petr"]
[Result "1/2-1/2"]
[ECO "D02"]
[WhiteElo "2496"]
[BlackElo "2429"]
[Annotator "ChessBase"]
[PlyCount "156"]
[EventDate "2020.12.01"]
[EventType "tourn"]
[EventCountry "KAZ"]
[SourceTitle "playchess.com"]
[Source "ChessBase"]
[SourceQuality "1"]
[TimeControl "40/5400+30:1800+30"]

1. Nf3 d5 2. d4 Nf6 3. Bf4 c5 4. e3 Nc6 5. Nbd2 Nh5 6. Be5 f6 7. Bg3 cxd4 8. Nxd4 g6 9. c4 Nxd4 10. exd4 Be6 11. Be2 dxc4 12. Bxc4 Bxc4 13. Nxc4 Rc8 14. Qe2 Kf7 15. O-O Bh6 16. Rfe1 Re8 17. b3 Qd5 18. Rad1 b5 19. Ne3 Bxe3 20. fxe3 Nxg3 21. hxg3 Qg5 22. g4 Rc3 23. e4 Rg3 24. e5 fxe5 25. Qxb5 Rd8 26. Qf1+ Kg8 27. Rxe5 Qxg4 28. Rd2 Rf8 29. Qe2 Rf7 30. Qxg4 Rxg4 31. Re6 a5 32. Re5 Rff4 33. Rxa5 Rxd4 34. Rd5 Rxd5 35. Rxd5 Kf7 36. Kf2 Ke6 37. Rd2 h5 38. Kf3 g5 39. Re2+ Kf5 40. Rxe7 Rd4 41. Re2 h4 42. Ke3 Ke5 43. Rc2 Rg4 44. Kd3 Kd5 45. Kc3 Kc5 46. Kb2+ Kb5 47. Re2 Rg3 48. Kc2 Kb4 49. Kb2 Kb5 50. Rd2 Ka5 51. Rd5+ Kb6 52. Rd2 Ka5 53. Kc2 Kb4 54. Rd4+ Kb5 55. Rd2 Kb4 56. Re2 Ka3 57. Kb1 Kb4 58. Rc2 Kb5 59. Kc1 Kb4 60. Rc4+ Kb5 61. Rc2 Kb4 62. Kd1 Ka3 63. Ke1 h3 64. gxh3 Rxh3 65. Rg2 Rh1+ 66. Kd2 Kxa2 67. b4 Kb3 68. b5 Kc4 69. Rxg5 Rb1 70. Rg8 Rb2+ 71. Kc1 Rxb5 72. Rg4+ Kc3 73. Rg3+ Kb4 74. Kc2 Rc5+ 75. Kb2 Rc4 76. Rb3+ Kc5 77. Rc3 Kb5 78. Rxc4 Kxc4 1/2-1/2

[Event "Kazakhstan Cup Open 2020"]
[Site "Almaty"]
[Date "2020.12.13"]
[Round "3.4"]
[White "Agmanov, Zhandos"]
[Black "Aitbayev, Aslan"]
[Result "1-0"]
[ECO "C07"]
[WhiteElo "2407"]
[BlackElo "2457"]
[Annotator "ChessBase"]
[PlyCount "83"]
[EventDate "2020.12.01"]
[EventType "tourn"]
[EventCountry "KAZ"]
[SourceTitle "playchess.com"]
[Source "ChessBase"]
[SourceQuality "1"]
[TimeControl "40/5400+30:1800+30"]

1. e4 e6 2. d4 d5 3. Nd2 c5 4. exd5 Qxd5 5. Ngf3 cxd4 6. Bc4 Qd6 7. O-O Nf6 8. Nb3 Nc6 9. Nbxd4 Nxd4 10. Nxd4 Be7 11. c3 O-O 12. Qf3 Qc7 13. Bb3 a5 14. a4 Bd7 15. h3 Qb6 16. Bc2 Bc5 17. Rd1 Bc6 18. Nxc6 bxc6 19. Rb1 Nd5 20. Bd2 Rab8 21. Re1 Rfd8 22. g3 Qa7 23. Re2 Rd7 24. Kg2 Rdb7 25. Bc1 Be7 26. h4 Bf6 27. Ra1 Qc5 28. h5 g6 29. Bd3 Bg7 30. h6 Bh8 31. Re4 Rxb2 32. Rc4 Qd6 33. Bxb2 Rxb2 34. Be4 Be5 35. Bxd5 exd5 36. Rd1 Qe6 37. Rc5 g5 38. Rxa5 Qxh6 39. c4 Qg6 40. cxd5 cxd5 41. Rdxd5 g4 42. Qe3 1-0

[Event "Kazakhstan Cup Open 2020"]
[Site "Almaty"]
[Date "2020.12.16"]
[Round "7.1"]
[White "Ismagambetov, Anuar"]
[Black "Ibrayev, Nurlan"]
[Result "1-0"]
[ECO "B40"]
[WhiteElo "2528"]
[BlackElo "2395"]
[Annotator "ChessBase"]
[PlyCount "73"]
[EventDate "2020.12.01"]
[EventType "tourn"]
[EventCountry "KAZ"]
[SourceTitle "playchess.com"]
[Source "ChessBase"]
[SourceQuality "1"]
[TimeControl "40/5400+30:1800+30"]

1. e4 c5 2. Nf3 e6 3. d4 cxd4 4. Nxd4 Qb6 5. Nb3 a6 6. g3 Qc7 7. Bg2 Nc6 8. O-O Nf6 9. Nc3 d6 10. Be3 Be7 11. Na4 Nd7 12. c4 b6 13. e5 dxe5 14. c5 b5 15. Nb6 Rb8 16. Nxc8 Rxc8 17. a4 O-O 18. axb5 axb5 19. Bxc6 Qxc6 20. Ra7 Nxc5 21. Rxe7 Na4 22. Nd2 Nxb2 23. Qg4 Kh8 24. Nf3 Qd6 25. Ra7 Rc4 26. Qh5 f6 27. Nd2 Rc7 28. Ne4 Qc6 29. Rxc7 Qxc7 30. Ra1 Qc6 31. Bc5 Rc8 32. Nxf6 gxf6 33. Be7 Kg7 34. Qh4 Qf3 35. Bxf6+ Kf8 36. Qh6+ Ke8 37. Qg7 1-0